 Dungeon Crawl Stone Soup version 0.31-a0-267-g3fc6992b3b (webtiles) character file.

Game seed: 3169208187587357307

117 qw the Shooter (level 5, -1/30 HPs)
             Began as a Gargoyle Hexslinger on July 14, 2023.
             Slain by Pikel
             ... wielding a +2 whip of flaming
              (5 damage)
             ... on level 4 of the Dungeon.
             The game lasted 00:00:50 (2176 turns).

qw the Shooter (Gargoyle Hexslinger)                Turns: 2176, Time: 00:00:51

Health: -1/30      AC: 11    Str: 12    XL:     5   Next: 1%
Magic:  6/6        EV: 11    Int: 13    God:
Gold:   183        SH:  0    Dex: 14    Spells: 5/6 levels left

rFire   . . .        k - +0 arbalest
rCold   . . .        (shield currently unavailable)
rNeg    + . .        d - +0 leather armour
rPois   inf          (no helmet)
rElec   +            (no cloak)
rCorr   .            (no gloves)
SInv    .            (no boots)
Will    .....        n - amulet of regeneration
Stlth   +            c - +4 ring of protection
HPRegen 1.05/turn    (no ring)
MPRegen 0.10/turn

%: no passive effects
@: no status effects
A: sickness immunity, AC +4, negative energy resistance 1, electricity
resistance, torment resistance 1, petrification resistance
a: no special abilities


You were on level 4 of the Dungeon.
You visited 1 branch of the dungeon, and saw 4 of its levels.

You collected 213 gold pieces.
You spent 30 gold pieces at shops.


Innate Abilities, Weirdness & Mutations

You are immune to sickness and miasma.
Your stone body is resilient. (AC +4)
You are immune to poison.
You resist negative energy. (rN+)
You are resistant to electric shocks. (rElec)
You are resistant to unholy torment.
You are immune to petrification.


   Skills:
 - Level 2.0 Fighting
 + Level 4.7 Ranged Weapons
 - Level 1.5 Dodging
 - Level 1.0 Spellcasting
 - Level 2.6 Hexes


You had 5 spell levels left.
You knew the following spells:

 Your Spells              Type           Power      Damage    Failure   Level
a - Slow                  Hex            28%        N/A       12%         1

Your spell library contained the following spells:

 Spells                   Type           Power      Damage    Failure   Level
 Inner Flame              Hex/Fire       4%         N/A       52%         3
 Portal Projectile        Hex/Tloc       8%         N/A       52%         3
 Cause Fear               Hex            3%         N/A       75%         4

Inventory:

Hand Weapons
 k - a +0 arbalest (weapon)
Armour
 d - a +0 leather armour (worn)
 j - a +1 robe of positive energy
Jewellery
 c - a +4 ring of protection (left hand)
 i - a ring of fire
 n - an amulet of regeneration (around neck)
Scrolls
 a - a scroll of identify
Potions
 b - a potion of enlightenment
 e - a potion of curing
 f - a potion of haste {unknown}
 g - a potion of degeneration {unknown}
 h - a potion of resistance {unknown}

Dungeon Overview and Level Annotations

Branches:
Dungeon (4/15)
 Temple: D:4-7

Altars:

Shops:
D:2 *

Annotations:
D:4 Pikel


Message History

You kill the goblin!
A lemure comes into view.
The lemure shouts!
You hear a shout!
Pikel, Merchant of Souls comes into view.
He is wielding a +2 whip of flaming.
A lemure comes into view.
The lemure moves out of view.
You shoot a bolt.
Pikel shouts!
The bolt hits Pikel!
Pikel is lightly wounded.
A lemure comes into view.
You shoot a bolt. The bolt hits Pikel!
Pikel is heavily wounded.
A lemure comes into view.
Pikel hits you with a +2 whip of flaming.
Pikel burns you. Pikel misses you.
You shoot a bolt. The bolt misses Pikel.
The bolt closely misses the lemure. x2
Pikel hits you with a +2 whip of flaming.
Pikel burns you.
You shoot a bolt. The bolt hits Pikel but does no damage.
Pikel is heavily wounded.
Pikel hits you with a +2 whip of flaming.
Pikel burns you. Pikel closely misses you.
You shoot a bolt. The bolt barely misses Pikel.
The bolt closely misses the lemure.
The bolt hits the lemure.
The lemure is moderately wounded.
Pikel hits you with a +2 whip of flaming.
Pikel burns you. Pikel barely misses you.
You shoot a bolt. The bolt hits Pikel.
Pikel is heavily wounded.
Pikel closely misses you.
You shoot a bolt. The bolt hits Pikel.
Pikel is severely wounded.
Pikel misses you. Pikel hits you but does no damage.
You shoot a bolt. The bolt barely misses Pikel.
The bolt hits the lemure!
The lemure is moderately wounded.
Pikel misses you.
Pikel hits you with a +2 whip of flaming!
Pikel burns you.
You die...

.....#....#####..#
.)...#....#####..#
<##.##.........).#
.##.####..##.##.##
.##.####..##.##.#
................#
.##.#######...###
.# .# #...#### .#
#...##@# .#
#####...#.#K# #
.........###5#
........## #55
......... #..
####...... #...
#.....#. ...
#.....### ##
#.....#


You could see Pikel and 3 lemures.

Vanquished Creatures
  An orc priest (D:3)
  2 adders
  3 dart slugs
  3 orcs (D:3)
  5 endoplasms
  9 giant cockroaches
  7 goblins
  3 hobgoblins (D:2)
  2 kobolds (D:2)
  2 quokkas
  3 ball pythons
  4 bats
  A frilled lizard (D:3)
  A rat (D:1)
46 creatures vanquished.

Vanquished Creatures (others)
  An orc wizard (D:3)
1 creature vanquished.

Grand Total: 47 creatures vanquished

Notes
Turn   | Place    | Note
-------+----------+-------------------------------------------
     0 | D:1      | qw the Gargoyle Hexslinger began the quest for the Orb.
     0 | D:1      | Reached XP level 1. HP: 12/12 MP: 2/2
     0 | D:1      | 0 ||| qw: Version: 0.3-a-52-g30416fa
     0 | D:1      | 0 ||| qw: Game counter: 7848
     0 | D:1      | 0 ||| qw: Melee chars always use a shield: true
     0 | D:1      | 0 ||| qw: God list: Okawaru
     0 | D:1      | 0 ||| qw: Allow faded altars: false
     0 | D:1      | 0 ||| qw: Do Orc after clearing Dungeon:15 true
     0 | D:1      | 0 ||| qw: Do second Lair branch before Depths: true
     0 | D:1      | 0 ||| qw: Lair rune preference: random
     0 | D:1      | 0 ||| qw: Goals: Normal
     0 | D:1      | 0 ||| PLANNING D:1-11
   249 | D:1      | Reached XP level 2. HP: 16/16 MP: 3/3
   599 | D:1      | 599 ||| UPGRADING to +0 leather armour.
   609 | D:1      | 609 ||| DROPPING +0 robe.
   610 | D:1      | 610 ||| READING scroll labelled FORIVULIES.
   611 | D:1      | 611 ||| READING scroll labelled NABETR NYONU.
   612 | D:1      | 612 ||| READING scroll labelled WEJAOBROIXT.
   613 | D:1      | 613 ||| READING scroll labelled WERUCK PUTUFA.
   614 | D:1      | 614 ||| READING scroll labelled CYWKEI GECW.
   615 | D:1      | 615 ||| READING scroll labelled WOPRICZEEL.
   616 | D:1      | 616 ||| DRINKING 2 bubbling ruby potions.
   617 | D:1      | 617 ||| DROPPING scroll of poison.
   618 | D:1      | 618 ||| DROPPING potion of magic.
   688 | D:2      | 688 ||| FLEEEEING.
   689 | D:2      | 689 ||| FLEEEEING.
   691 | D:2      | 691 ||| FLEEEEING.
   692 | D:2      | 692 ||| FLEEEEING.
   812 | D:2      | Found Zaxoong's General Store.
   821 | D:2      | 821 ||| SHOPLISTING 2 potions of haste (200 gold, have 82).
   821 | D:2      | 821 ||| BUYING potion of curing (30 gold).
   821 | D:2      | Bought a potion of curing for 30 gold pieces
   884 | D:2      | Reached skill level 3 in Ranged Weapons
   965 | D:2      | Reached XP level 3. HP: 20/20 MP: 4/4
  1174 | D:2      | 1174 ||| Stepping ~*~*~tactically~*~*~ (outnumbered).
  1218 | D:2      | 1218 ||| READING scroll labelled GUDWAA GAALU.
  1353 | D:3      | 1353 ||| STAIRDANCE
  1500 | D:3      | Reached XP level 4. HP: 26/26 MP: 5/5
  1548 | D:3      | Reached skill level 4 in Ranged Weapons
  1830 | D:3      | HP: 6/26 [something/magic dart (5)]
  1838 | D:3      | 1838 ||| DRINKING 2 potions of curing.
  1838 | D:3      | 1838 ||| (to cure confusion)
  2089 | D:3      | 2089 ||| UPGRADING to amulet of regeneration.
  2094 | D:3      | 2094 ||| UPGRADING to +4 ring of protection.
  2095 | D:3      | 2095 ||| READING scroll labelled ICLUEK VILUB.
  2096 | D:3      | 2096 ||| READING scroll labelled UPTIAN XOVAESK.
  2100 | D:3      | 2100 ||| READING scroll labelled KAOMNO FI BAX.
  2105 | D:3      | 2105 ||| READING scroll labelled UJEISA RIPRAWY.
  2106 | D:3      | 2106 ||| READING 2 scrolls of identify.
  2106 | D:3      | 2106 ||| IDENTIFYING black potion
  2124 | D:4      | Reached XP level 5. HP: 30/30 MP: 6/6
  2140 | D:4      | 2140 ||| SWAPPING to +0 arbalest.
  2141 | D:4      | 2141 ||| DROPPING +1 sling.
  2168 | D:4      | Noticed a lemure
  2168 | D:4      | Noticed Pikel
  2168 | D:4      | Noticed a lemure
  2169 | D:4      | Noticed a lemure
  2170 | D:4      | Noticed a lemure
  2176 | D:4      | HP: 4/30 [Pikel/+2 whip of flaming (10)]
  2176 | D:4      | Slain by Pikel

Levels and vault maps discovered:
D:1:      minmay_arrival_radiant_lines, layout_loops_cross, serial_rivers,
          chequers_serial_rivers_micro_a, chequers_serial_rivers_micro_b,
          chequers_serial_rivers_micro_a, chequers_serial_rivers_room_a,
          chequers_serial_rivers_marsh, minmay_misc_feat_cross
D:2:      minmay_roachtagon, layout_rooms, serial_shops, shop, st_stairs_13
D:3:      layout_loops_ring, nrook_mini_vaults, minmay_misc_feat_square,
          kennysheep_orc_chapel
D:4:      layout_loops_cross, minmay_manual_mares, uniq_natasha, uniq_sigmund,
          uniq_pikel

Skill      XL: |  1  2  3  4 |
---------------+-------------+-----
Ranged Weapons | 3 4 |  4.7
Fighting       | 2 |  2.0
Dodging        | |  1.5
Spellcasting   | |  1.0
Hexes          | |  2.6

Action                     |  1- 3 |  4- 6 || total
---------------------------+-------+-------++-------
   Fire: Sling             |   135 |    40 ||   175
         Arbalest          |       |     9 ||     9
    Use: Scroll            |     7 |     5 ||    12
         Potion            |     1 |     1 ||     2
 Armour: Leather armour    |    32 |    14 ||    46
  Dodge: Dodged            |    57 |    15 ||    72

Table legend:
 A = Non-vault XP
 B = Vault XP
 C = Vault XP percentage of total XP
 D = Non-vault monster count
 E = Vault monster count
 F = Vault count percentage of total count
                 A         B        C        D         E       F
            +---------+---------+-------+---------+---------+-------
      Total |      91 |      77 |  45.8 |      35 |      12 |  25.5
            +---------+---------+-------+---------+---------+-------
        D:1 |      12 |       0 |   0.0 |       6 |       0 |   0.0
        D:2 |      37 |      16 |  30.2 |      13 |       8 |  38.1
        D:3 |      38 |      61 |  61.6 |      14 |       4 |  22.2
        D:4 |       4 |       0 |   0.0 |       2 |       0 |   0.0
            +---------+---------+-------+---------+---------+-------
